 Dungeon Crawl Stone Soup version 0.18-a0-596-g6468885 (webtiles) character file.

233 axujen the Skirmisher (level 6, -4/41 HPs)
             Began as a Tengu Artificer on Dec 4, 2015.
             Slain by a sky beast (5 damage)
             ... on level 4 of the Dungeon.
             The game lasted 00:11:11 (4643 turns).

axujen the Skirmisher (Tengu Artificer)             Turns: 4643, Time: 00:11:11

Health: -4/41      AC:  8    Str: 11      XL:     6   Next: 5%
Magic:  9/9        EV:  5    Int: 12      God:
Gold:   254        SH:  0    Dex: 14 (17) Spells: 0 memorised, 5 levels left

rFire  . . .     SeeInvis +     a - +0 short sword
rCold  . . .     Clarity  .     A - +0 chain mail
rNeg   . . .     SustAt   .     (no shield)
rPois  .         Gourm    .     (helmet restricted)
rElec  .         Spirit   .     (no cloak)
rCorr  .         Dismiss  .     (no gloves)
rMut   .         Stasis   .     (boots unavailable)
MR     .....                    (no amulet)
Stlth  ..........               (no ring)
                                w - ring of see invisible

@: drained, not resistant to hostile enchantments, extremely unstealthy
A: beak, talons 3, able to fly 1
a: Fly


You were on level 4 of the Dungeon.
You were hungry.

You visited 1 branch of the dungeon, and saw 5 of its levels.

You collected 254 gold pieces.

Inventory:

Hand Weapons
 a - a +0 short sword (weapon)
Missiles
 o - 67 stones (quivered)
Armour
 b - a +0 leather armour
 A - a +0 chain mail (worn)
Magical Staves
 I - an uncursed staff of power
Jewellery
 w - a ring of see invisible (left hand)
Wands
 c - a wand of flame (0)
 d - a wand of enslavement (14)
 e - a wand of random effects (11)
Scrolls
 g - 2 scrolls of remove curse
 i - a scroll of blinking {unknown}
 q - a scroll of fear {unknown}
 r - a scroll of enchant weapon
 s - 2 scrolls of teleportation {unknown}
 t - a scroll of enchant armour {unknown}
 E - a scroll of immolation {unknown}
 K - a scroll of recharging {unknown}
Potions
 k - a potion of flight
 D - a potion of ambrosia
Comestibles
 f - 2 bread rations
 l - 2 royal jellies
 C - 3 meat rations


   Skills:
 + Level 5.8(5.3) Fighting
 - Level 1.1(0.6) Short Blades
 - Level 2.1(1.7) Dodging
 - Level 1.0(0.5) Stealth
 - Level 3.0(2.5) Evocations


You had 5 spell levels left.
You didn't know any spells.

Dungeon Overview and Level Annotations

Branches:
Dungeon (5/15)
 Temple: D:4-7

Altars:
Cheibriados
Dithmenos
Elyvilon
Gozag
Makhleb
Nemelex Xobeh
Okawaru
Ru
Trog
Xom
Yredelemnul

Annotations:
D:4 Sigmund


Innate Abilities, Weirdness & Mutations

You have a beak for a mouth.
You have claws for feet.
You can fly.


Message History

The sky beast hits you but does no damage.
Your chain mail prevents you from hitting the sky beast.
You claw the sky beast, but do no damage.
The sky beast is heavily wounded.
The sky beast hits you but does no damage.
You miss the sky beast. Your kick misses the sky beast.
The sky beast is heavily wounded.
The sky beast hits you but does no damage.
You closely miss the sky beast.
The sky beast is heavily wounded.
The sky beast hits you but does no damage.
You closely miss the sky beast.
The sky beast is heavily wounded.
The sky beast hits you but does no damage.
You barely miss the sky beast.
The sky beast is heavily wounded.
The sky beast hits you.
* * * LOW HITPOINT WARNING * * *
The sky beast shocks you.
You die...

. .. ########### ...
#.........#
....######.#######.#
...@'.l.......lYQ#.#
.)...#####.##.####.#
....#.####..#.#.##.#
................##.#
......#..........#.#
................##.#
#.....#............#
#.....#..#..l.....#######
#.....#z.z.z.<..##. ...


You could see a sky beast and an iguana.

Vanquished Creatures
  An orc priest (D:3)
  A worker ant (D:4)
  4 gnolls (D:2)
  9 adders
  A worm (D:2)
  5 giant geckos
  4 orcs
  3 bats
  2 giant cockroaches
  4 goblins
  3 hobgoblins
  4 jackals (D:1)
  A quokka (D:4)
  3 giant newts
  3 kobolds
  7 rats
55 creatures vanquished.

Notes
Turn   | Place    | Note
--------------------------------------------------------------
     0 | D:1      | axujen the Tengu Artificer began the quest for the Orb.
     0 | D:1      | Reached XP level 1. HP: 12/12 MP: 4/4
   315 | D:1      | Reached XP level 2. HP: 8/17 MP: 5/5
  1015 | D:2      | Reached XP level 3. HP: 20/22 MP: 6/6
  1306 | D:2      | Found an iron altar of Okawaru.
  1355 | D:2      | Reached XP level 4. HP: 27/29 MP: 7/7
  1817 | D:2      | Found a sacrificial altar of Ru.
  1897 | D:2      | Reached skill level 4 in Fighting
  2252 | D:3      | Found an opulent altar of Gozag.
  2252 | D:3      | Found a sparkling altar of Nemelex Xobeh.
  2260 | D:3      | Gained mutation: You can fly. [Tengu growth]
  2260 | D:3      | Reached XP level 5. HP: 34/34 MP: 8/8
  2277 | D:3      | Found a bloodstained altar of Trog.
  2279 | D:3      | Found a burning altar of Makhleb.
  2302 | D:3      | Found a shadowy altar of Dithmenos.
  2576 | D:3      | Found a white marble altar of Elyvilon.
  2585 | D:3      | Found a basalt altar of Yredelemnul.
  2587 | D:3      | Found a snail-covered altar of Cheibriados.
  2805 | D:3      | Reached skill level 5 in Fighting
  2818 | D:3      | Found a shimmering altar of Xom.
  3073 | D:4      | Noticed Sigmund
  4293 | D:4      | Reached XP level 6. HP: 27/41 MP: 9/9
  4598 | D:5      | Entered Level 5 of the Dungeon
  4643 | D:4      | HP: 1/41 [sky beast (4)]
  4643 | D:4      | Slain by a sky beast

Vault maps used:
D:1:      dpeg_arrival_brainrot
D:2:      nicolae_ru_the_path_less_chosen, first_bread, okawaru_metal_pillars_3
D:3:      grunt_temple_overflow_opulence, minitemple,
          lemuel_coloured_pillars_altar, nicolae_overflow_hidden_temple,
          minivault_4, grunt_dithmenos_smoke_and_mirrors
D:4:      minmay_door_path, uniq_sigmund
D:5:      serial_shops, nicolae_shop_waterfront

Action                   |  1- 3 |  4- 6 || total
-------------------------+-------+-------++-------
Melee: Short sword       |    41 |   183 ||   224
Evoke: Wand              |     9 |    11 ||    20
  Use: Scroll            |       |     6 ||     6
       Potion            |       |     7 ||     7
 Stab: Sleeping          |     1 |       ||     1
  Eat: Chunk             |     1 |    10 ||    11
